[Event "Late-Titled-Tuesday-Blitz-February-13-2024"]
[Site "Chess.com"]
[Date "2024.02.13"]
[Round "6"]
[White "LLRChess"]
[Black "VladimirBugayev"]
[Result "1/2-1/2"]
[WhiteElo "2575"]
[BlackElo "2401"]
[TimeControl "180+1"]
[EndTime "15:06:29 PST"]
[Termination "Game drawn by repetition"]

1. e4 c6 2. d4 d5 3. exd5 cxd5 4. Bd3 Nc6 5. c3 Nf6 6. h3 e5 7. dxe5 Nxe5 8. Nf3 Nxd3+ 9. Qxd3 Bd6 10. Bg5 O-O 11. Nbd2 Re8+ 12. Kf1 Be6 13. g3 h6 14. Bxf6 Qxf6 15.
Kg2 Rad8 16. Nd4 Bd7 17. Rhe1 Bc6 18. N2f3 Bc7 19. Re2 Rxe2 20. Qxe2 Re8 21. Qd2 Bb6 22. Re1 Re4 23. Nxc6 Qxc6 24. Kh2 Rxe1 25. Qxe1 Qe6 26. Qxe6 fxe6 27. Kg2 Kf7 28. Ne5+ Ke7 29. f4 Bc7 30. Nd3 Bd6 31. Kf3 Kf6 32. g4 g5 33. Ke3 b5 34.
Kf3 gxf4 35. Nxf4 Bxf4 36. Kxf4 e5+ 37. Kg3 a5 38. a3 a4 39. h4 Kg6 40. Kf3 Kf6 41.
Ke3 Ke6 42. Kf3 Kf6 43. Ke3 Ke6 44. Kf3 Kf6 1/2-1/2

[Event "Late-Titled-Tuesday-Blitz-February-13-2024"]
[Site "Chess.com"]
[Date "2024.02.13"]
[Round "6"]
[White "emeli_chess"]
[Black "WilsonPalencia21"]
[Result "1-0"]
[WhiteElo "2394"]
[BlackElo "2535"]
[TimeControl "180+1"]
[EndTime "15:06:32 PST"]
[Termination "emeli_chess won on time"]

1. d4 Nf6 2. c4 c5 3. d5 e6 4. Nc3 exd5 5. cxd5 d6 6. Nf3 g6 7. h3 a6 8. a4 Bg7 9. e4 O-O 10. Bd3 Nh5 11. Bg5 Bf6 12. Bxf6 Qxf6 13. O-O Nd7 14. Re1 Nf4 15. Bf1 Ne5 16. Nxe5 Qxe5 17. Re3 Bd7 18.
Ra3 Rab8 19. Rb3 Qg5 20. Kh2 c4 21. Rb6 Qe5 22. g3 Nh5 23. a5 f5 24. f4 Qe7 25. e5 dxe5 26. Rxe5 Qc5 27. Bg2 Qxa5 28. Qd4 Rf7 29. d6 Nf6 30. Re7 Rbf8 31. Rxb7 Qd8 32. Bd5 Nxd5 33. Qxd5 Bc8 34. Rxf7 Bxb7 35. Rxb7+ 1-0

[Event "Late-Titled-Tuesday-Blitz-February-13-2024"]
[Site "Chess.com"]
[Date "2024.02.13"]
[Round "6"]
[White "abeljusto"]
[Black "rikchessmx"]
[Result "0-1"]
[WhiteElo "2090"]
[BlackElo "2302"]
[TimeControl "180+1"]
[EndTime "15:06:33 PST"]
[Termination "rikchessmx won on time"]

1. d4 Nf6 2. Bf4 h5 3. Nc3 d6 4. e4 Nc6 5. Nf3 Bg4 6. Be2 g6 7. h3 Bc8 8. Qd2 Bg7 9. O-O-O Nh7 10. Bh6 Bf6 11. Nd5 e6 12. Nxf6+ Qxf6 13. Be3 Bd7 14.
d5 Nd8 15. Qb4 a5 16. Qd4 Qxd4 17. Nxd4 e5 18. Nb5 Bxb5 19. Bxb5+ Ke7 20. a4 Rc8 21. Kb1 f5 22. f3 f4 23. Bd2 b6 24. Ba6 Ra8 25.
Bb5 g5 26. h4 g4 27. fxg4 hxg4 28. Be2 Nf6 29. Rdf1 Nxe4 30. Be1 Nf6 31. c4 Nb7 32. h5 Nc5 33. Bh4 Rag8 34. Bd1 Ne4 35. Kc2 Ng5 36. Bxg5 Rxg5 37. h6 Rg6 38. Kc3 Rgxh6 39. Rxh6 Rxh6 40. Bc2 Rh2 41. Rg1 Nd7 42. Bf5 g3 0-1

[Event "Late-Titled-Tuesday-Blitz-February-13-2024"]
[Site "Chess.com"]
[Date "2024.02.13"]
[Round "6"]
[White "DonkyDonkyDonkey"]
[Black "grzechu96"]
[Result "1-0"]
[WhiteElo "2955"]
[BlackElo "2762"]
[TimeControl "180+1"]
[EndTime "15:06:34 PST"]
[Termination "DonkyDonkyDonkey won on time"]

1. d4 d5 2. Nc3 Nf6 3. Bf4 a6 4. e3 Bf5 5. Bd3 Bxd3 6. cxd3 e6 7. Qb3 b6 8. Nf3 Nbd7 9. Rc1 c5 10. O-O Be7 11. dxc5 Nxc5 12. Qd1 O-O 13. Ne5 Rc8 14. d4 Ncd7 15. Qd3 b5 16. a4 b4 17. Na2 Qb6 18.
a5 Qb7 19. h3 Nxe5 20. Bxe5 Ne4 21. f3 Nd6 22. Rxc8 Rxc8 23. Bxd6 Bxd6 24. Rc1 Rxc1+ 25. Nxc1 Qc6 26. Nb3 Qc4 27. Qd1 g6 28. f4 Kg7 29.
Kf2 h5 30. Ke1 Bc7 31. Kd2 Bd6 32. g3 Kf8 33. h4 Ke7 34. Nc1 Qb5 35. Nb3 Qc4 36.
Nc1 Bc7 37. Qa4 Qf1 38. Ne2 Bd6 39. Qc2 1-0

[Event "Late-Titled-Tuesday-Blitz-February-13-2024"]
[Site "Chess.com"]
[Date "2024.02.13"]
[Round "6"]
[White "temus_galaktionov"]
[Black "aghasiyevkamal"]
[Result "1-0"]
[WhiteElo "2906"]
[BlackElo "2665"]
[TimeControl "180+1"]
[EndTime "15:06:35 PST"]
[Termination "temus_galaktionov won by resignation"]

1. d4 d5 2. Nf3 Nf6 3. c4 e6 4. Nc3 Be7 5. Bf4 O-O 6. e3 b6 7. Bd3 dxc4 8. Bxc4 Ba6 9. Bxa6 Nxa6 10. O-O Qc8 11.
Qe2 c5 12. Rac1 Qb7 13. a3 Rac8 14. h3 h6 15. Nb5 Rfd8 16. Rc2 cxd4 17. Nfxd4 Rxc2 18. Qxc2 Rc8 19. Qa4 Nd5 20. Be5 Bf8 21. Rd1 Be7 22.
b4 Bf8 23. e4 Nf6 24. f3 Rd8 25. Qc2 Rc8 26. Qa4 Rd8 27. Rc1 Nd7 28. Bg3 Rc8 29. Rc2 Rxc2 30. Qxc2 Nab8 31. Qc7 Qxc7 32. Bxc7 a6 33. Nd6 Bxd6 34. Bxd6 b5 35. e5 f6 36.
f4 Kf7 37. Kf2 fxe5 38. fxe5 g5 39. Kf3 Kg6 40. Nxe6 Kf5 41. Nd4+ Kg6 42. e6 Nf6 43. Bxb8 1-0

[Event "Late-Titled-Tuesday-Blitz-February-13-2024"]
[Site "Chess.com"]
[Date "2024.02.13"]
[Round "6"]
[White "nitpicker"]
[Black "maurovargas01"]
[Result "0-1"]
[WhiteElo "2230"]
[BlackElo "1894"]
[TimeControl "180+1"]
[EndTime "15:06:35 PST"]
[Termination "maurovargas01 won on time"]

1. d4 d5 2. c4 c6 3. Nf3 e6 4.
Qb3 dxc4 5. Qxc4 b5 6. Qc2 Bb7 7. Nbd2 Nf6 8. e3 a6 9. Nb3 Nbd7 10. Bd2 Bd6 11. Nc5 Nxc5 12. dxc5 Bc7 13. a4 O-O 14. Be2 Qd5 15. Rd1 Qh5 16. O-O Ng4 17. g3 e5 18.
e4 Bc8 19. Bc3 Be6 20. Kg2 Rae8 21. Rh1 f5 22. h3 fxe4 23. hxg4 exf3+ 24. Bxf3 Qg6 25. Qxg6 hxg6 26. Bxc6 Rd8 27. f3 Bc4 28. Be4 bxa4 29. Bxg6 Be2 30. Bh7+ Kf7 31. Rxd8 Bxd8 32. Be4 Ke6 0-1

[Event "Late-Titled-Tuesday-Blitz-February-13-2024"]
[Site "Chess.com"]
[Date "2024.02.13"]
[Round "6"]
[White "jinxy2009"]
[Black "a_kandil"]
[Result "0-1"]
[WhiteElo "2241"]
[BlackElo "2485"]
[TimeControl "180+1"]
[EndTime "15:06:36 PST"]
[Termination "a_kandil won on time"]

1. e4 c5 2. Nf3 d6 3. d4 cxd4 4. Nxd4 Nf6 5. Nc3 a6 6. Be3 e5 7. Nb3 Be7 8. f3 h5 9. Be2 Be6 10. Qd2 Nbd7 11. Nd5 Nxd5 12. exd5 Bf5 13. Na5 Qc7 14. c4 O-O 15. b4 Nb6 16. O-O Nd7 17. Rac1 b6 18. Nc6 Bf6 19. c5 bxc5 20. bxc5 Nxc5 21. Rxc5 dxc5 22. Bxc5 Rfd8 23. Rd1 Rac8 24. Qb4 Rxd5 25. Rxd5 Qxc6 26. Bc4 Be6 27. Rd6 Qxc5+ 28. Qxc5 Rxc5 29. Bxe6 fxe6 30. Rxe6 Ra5 31. Kf2 Rxa2+ 32. Kg3 a5 33. Ra6 a4 34. h4 a3 35. Kh3 Ra1 36.
g4 e4 37. fxe4 hxg4+ 38. Kxg4 a2 39. Kh5 Kh7 40. Ra7 Rg1 0-1

[Event "Late-Titled-Tuesday-Blitz-February-13-2024"]
[Site "Chess.com"]
[Date "2024.02.13"]
[Round "6"]
[White "ansko1999"]
[Black "DenLaz"]
[Result "0-1"]
[WhiteElo "2638"]
[BlackElo "3054"]
[TimeControl "180+1"]
[EndTime "15:06:37 PST"]
[Termination "DenLaz won by resignation"]

1. Nf3 d5 2. e3 Nf6 3. b3 c6 4. Bb2 Bg4 5. Be2 Nbd7 6. c4 e6 7. d4 Bd6 8. O-O O-O 9. Nbd2 Qe7 10. Qc2 Rac8 11. h3 Bh5 12. Rfe1 Rfe8 13. Rac1 a6 14. e4 dxe4 15. Nxe4 Nxe4 16. Qxe4 Nf6 17. Qb1 Bb4 18. Bc3 Bxc3 19. Rxc3 Rcd8 20. Rd3 Bg6 21. Qb2 Bxd3 22.
Bxd3 Qd6 23. b4 Rd7 24. a4 Red8 25. Rd1 Qc7 26. Ne5 Rd6 27. f4 h6 28. c5 Rxd4 29. Bh7+ Kxh7 30. Rxd4 Rxd4 31. Qxd4 Nd5 32. a5 f6 33. Nd3 Qf7 34. Qe4+ Qg6 35. Qf3 Kg8 36. Kf2 Kf8 37. g4 Qe8 38. Qe4 Qd7 39. Kf3 Ne7 40. Qh7 Qd5+ 41. Ke3 Qg2 42. Qh8+ Kf7 43. Qb8 Nd5+ 44.
Kd4 Qg1+ 45. Kc4 Qa1 46. Qxb7+ Kg6 47. f5+ Kh7 48. Nb2 Qxb2 49. Kd3 Qc3+ 50. Ke2 Qc2+ 51. Kf3 Qd3+ 52. Kf2 Qe3+ 53. Kf1 exf5 54. gxf5 Qf3+ 55. Ke1 Qe4+ 56. Kd2 Qxb4+ 0-1

[Event "Late-Titled-Tuesday-Blitz-February-13-2024"]
[Site "Chess.com"]
[Date "2024.02.13"]
[Round "6"]
[White "Cosi43"]
[Black "KorolDimitriy75"]
[Result "1-0"]
[WhiteElo "2607"]
[BlackElo "2423"]
[TimeControl "180+1"]
[EndTime "15:06:37 PST"]
[Termination "Cosi43 won by checkmate"]

1. d4 Nf6 2. Nf3 g6 3. c4 c5 4. Nc3 cxd4 5. Nxd4 Nc6 6. g3 Bg7 7. Bg2 O-O 8. O-O d6 9. Nxc6 bxc6 10. Bxc6 Rb8 11.
Bg2 Qa5 12. Qc2 Bf5 13. e4 Be6 14. b3 Nxe4 15. Nxe4 Bxa1 16. Bd2 Qe5 17. Bh6 Rfe8 18. Qd1 Bd4 19. Ng5 Qc5 20. Nxe6 fxe6 21. Bh3 Bg7 22. Bxe6+ Kh8 23. Be3 Qe5 24. Bd5 a5 25. Qd2 Qc3 26. Qe2 e6 27. Be4 a4 28. h4 axb3 29. axb3 Qxb3 30.
h5 Rbc8 31. hxg6 Qxc4 32. Qh5 h6 33. Bxh6 Qxe4 34. Bxg7+ Kxg7 35. Qh7+ Kf6 36. Qf7+ Kg5 37. g7 Rg8 38. Ra1 Qg6 39. Qf4+ Kh5 40. Qh4# 1-0

[Event "Late-Titled-Tuesday-Blitz-February-13-2024"]
[Site "Chess.com"]
[Date "2024.02.13"]
[Round "6"]
[White "MetiForce"]
[Black "FairChess_on_YouTube"]
[Result "1-0"]
[WhiteElo "2875"]
[BlackElo "3069"]
[TimeControl "180+1"]
[EndTime "15:06:38 PST"]
[Termination "MetiForce won on time"]

1. d4 d5 2. c4 dxc4 3. Nf3 Nf6 4. e3 e6 5. Bxc4 c5 6. O-O a6 7. dxc5 Bxc5 8. Qxd8+ Kxd8 9. a3 Ke7 10. Bd2 Rd8 11. Rc1 Nbd7 12. Be2 b6 13. b4 Bd6 14. Nd4 Bb7 15. Bf3 Bxf3 16. gxf3 Rdc8 17. Nc3 Ne5 18.
f4 Nc4 19. Be1 g6 20. Kf1 e5 21. fxe5 Bxe5 22. Nf3 Bd6 23. h3 Rc7 24. Rd1 Rac8 25.
Nd5+ Nxd5 26. Rxd5 b5 27. Rd4 Rd7 28. a4 f5 29. axb5 axb5 30. Ra6 Bb8 31. Rh4 Kd8 32. Nd4 Be5 33. Nxb5 Nb2 34. Na7 Rd1 35. Nc6+ Rxc6 36. Rxc6 Nd3 37. Ke2 Rxe1+ 38. Kxd3 Kd7 39. b5 h5 40. Rb4 Bd6 41. Rd4 Rd1+ 42. Ke2 Rxd4 43. exd4 Ke6 44. Kd3 Kd5 45. Rc2 g5 46. b6 g4 47.
hxg4 fxg4 48. b7 h4 49. Rc5+ Ke6 50. Rc6 1-0

[Event "Late-Titled-Tuesday-Blitz-February-13-2024"]
[Site "Chess.com"]
[Date "2024.02.13"]
[Round "6"]
[White "sotochess"]
[Black "MikaelyanArman"]
[Result "0-1"]
[WhiteElo "2587"]
[BlackElo "2813"]
[TimeControl "180+1"]
[EndTime "15:06:38 PST"]
[Termination "MikaelyanArman won on time"]

1. e4 c5 2. Nf3 h6 3. c4 d6 4. d4 cxd4 5. Nxd4 Nf6 6. Nc3 e6 7. Be2 Be7 8. O-O O-O 9. Be3 a6 10. a4 b6 11. a5 bxa5 12. Nb3 Nc6 13. f3 Rb8 14. Kh1 Nd7 15. Re1 Nc5 16. Ra3 Qc7 17. Bf1 Rb4 18. Nd4 Ne5 19. b3 Bd7 20. Qc2 Rfb8 21.
Rea1 Bf6 22. Rxa5 Nxb3 23. Nxb3 Rxb3 24. Bd4 Nxc4 25. Bxf6 Nxa5 26. Bd4 Nc6 27. Nd5 Qd8 28. Bb6 R3xb6 29. Nxb6 Rxb6 30. Qd2 Qe7 31. Rd1 Ne5 32. Qd4 Rc6 33. f4 Ng6 34. g3 d5 35. exd5 exd5 36.
Bg2 Re6 37. Bxd5 Bc6 38. Bxc6 Rxc6 39. f5 Ne5 40. Re1 Rc1 41. Rxc1 Qb7+ 42. Kg1 Nf3+ 0-1

[Event "Late-Titled-Tuesday-Blitz-February-13-2024"]
[Site "Chess.com"]
[Date "2024.02.13"]
[Round "6"]
[White "zano2023"]
[Black "IngOscarArdila"]
[Result "1-0"]
[WhiteElo "2163"]
[BlackElo "2303"]
[TimeControl "180+1"]
[EndTime "15:06:38 PST"]
[Termination "zano2023 won by resignation"]

1. d4 Nf6 2. Nd2 d5 3. Ngf3 e6 4. e3 Be7 5. Bd3 O-O 6. O-O Nbd7 7. Qe2 Re8 8. e4 dxe4 9. Nxe4 Nxe4 10. Qxe4 Nf6 11. Qh4 c5 12. Bg5 g6 13. dxc5 Nd5 14. c4 Bxg5 15. Nxg5 Nf6 16. Rad1 Qe7 17. b4 Kg7 18.
Rfe1 h6 19. Nf3 a5 20. a3 axb4 21. axb4 Ra4 22. Rb1 Rd8 23. Bc2 Ra2 24. Bb3 Ra3 25. Ne5 Bd7 26. Ng4 h5 27. Ne5 Be8 28. Red1 Rxd1+ 29. Bxd1 Qd8 30. Bf3 Qc7 31. Qd4 Bc6 32. Bxc6 bxc6 33.
b5 cxb5 34. cxb5 Qa5 35. Nd7 Qc3 36. Qxc3 Rxc3 37. Nxf6 Kxf6 38. b6 Rxc5 39. b7 1-0

[Event "Late-Titled-Tuesday-Blitz-February-13-2024"]
[Site "Chess.com"]
[Date "2024.02.13"]
[Round "6"]
[White "FabianoCaruana"]
[Black "Antipov_Mikhail_Al"]
[Result "1-0"]
[WhiteElo "3076"]
[BlackElo "2967"]
[TimeControl "180+1"]
[EndTime "15:06:39 PST"]
[Termination "FabianoCaruana won by resignation"]

1. d4 Nf6 2. c4 e6 3. Nf3 d5 4.
g3 Bb4+ 5. Bd2 Be7 6. Bg2 O-O 7.
O-O Nbd7 8. a4 a5 9. Na3 c6 10. Rc1 h6 11. e3 Ne4 12. Be1 Bd6 13. Nb1 f5 14. Nc3 Qe8 15. Nd2 Ndf6 16. f3 Nxd2 17. Bxd2 Bd7 18. Qe2 Qh5 19. Qd3 Be8 20. Ne2 g5 21. cxd5 cxd5 22. Nc3 Bb4 23. b3 g4 24. Ne2 Bd6 25. Rc2 Bd7 26. Nc3 Rfc8 27. e4 Bb4 28.
exd5 Nxd5 29. Nxd5 exd5 30. Bxb4 axb4 31. fxg4 fxg4 32.
Re2 Rf8 33. Re5 Qg6 1-0

[Event "Late-Titled-Tuesday-Blitz-February-13-2024"]
[Site "Chess.com"]
[Date "2024.02.13"]
[Round "6"]
[White "dorpato"]
[Black "NovakRatko"]
[Result "0-1"]
[WhiteElo "2115"]
[BlackElo "2325"]
[TimeControl "180+1"]
[EndTime "15:06:42 PST"]
[Termination "NovakRatko won on time"]

1. e4 d5 2. e5 c6 3. d4 e6 4. Nf3 c5 5. c3 Nc6 6. a3 a5 7. a4 cxd4 8. cxd4 Bb4+ 9. Bd2 Nge7 10. Bb5 O-O 11. O-O Nf5 12. Bc3 Qb6 13. Bxc6 bxc6 14. Nbd2 c5 15. Nb3 cxd4 16. Nfxd4 Nh4 17. g3 Ng6 18. f4 Ba6 19. Rf2 Rab8 20. Kg2 Bc4 21.
Bxb4 Qxb4 22. Ra3 Rfc8 23. Rc2 Bxb3 24. Rxb3 Qf8 25. Rxb8 Rxb8 26. Qd3 h6 27. Nb5 Ne7 28. Qc3 Nf5 29. Re2 Qb4 30. Qc7 Rf8 31. Nd6 Nd4 32. Rd2 Nb3 33. Rc2 Qxa4 0-1

[Event "Late-Titled-Tuesday-Blitz-February-13-2024"]
[Site "Chess.com"]
[Date "2024.02.13"]
[Round "6"]
[White "Payyappat"]
[Black "Chessdude1987"]
[Result "1-0"]
[WhiteElo "2565"]
[BlackElo "2381"]
[TimeControl "180+1"]
[EndTime "15:06:43 PST"]
[Termination "Payyappat won on time"]

1. e4 e6 2. d4 d5 3. Nc3 Nf6 4. Bg5 h6 5. Bxf6 Qxf6 6. Nf3 Bb4 7. Bd3 c5 8. O-O Bxc3 9. bxc3 c4 10. Be2 O-O 11.
Ne5 Nd7 12. f4 Nxe5 13. fxe5 Qg5 14. Rf3 dxe4 15. Rg3 Qf4 16. Bxc4 b5 17. Bb3 Bb7 18. Qe2 e3 19. Rf1 Qe4 20. Rg4 Qh7 21. Qxe3 Kh8 22. Rgf4 Qg6 23. Qh3 a5 24. Bxe6 Bxg2 25. Qxg2 Qxe6 26.
Rxf7 Rxf7 27. Qxa8+ Kh7 28. Qe4+ Kh8 29. Rxf7 Qxf7 30.
e6 Qe7 31. Qf5 Qh4 32. Qe5 Qg4+ 33. Kf2 Qh4+ 34. Ke2 Qg4+ 35. Kd2 Qg2+ 36. Kc1 Qg1+ 37. Kb2 a4 38. a3 1-0

[Event "Late-Titled-Tuesday-Blitz-February-13-2024"]
[Site "Chess.com"]
[Date "2024.02.13"]
[Round "6"]
[White "Hikaru"]
[Black "TanitoluwaAps116"]
[Result "1-0"]
[WhiteElo "3313"]
[BlackElo "2779"]
[TimeControl "180+1"]
[EndTime "15:06:44 PST"]
[Termination "Hikaru won on time"]

1. e4 c5 2. Nf3 e6 3. c3 Nf6 4. e5 Nd5 5. Bd3 d6 6. exd6 Bxd6 7. Bc2 Nc6 8. d4 cxd4 9. Nxd4 O-O 10. Nxc6 bxc6 11.
O-O e5 12. Nd2 f5 13. Ba4 Bb7 14. Nc4 Bc7 15. Ne3 Kh8 16. Bc2 e4 17. c4 Nb4 18. Bb1 f4 19. Bxe4 fxe3 20. Qh5 g6 21.
Bxg6 Qe7 22. Bxe3 Kg8 23. Bd4 Rf4 24. Rfe1 Qh4 25. Bxh7+ Kf8 26. Qg6 Rf7 27. Bc5+ Bd6 28. Bxd6+ 1-0

[Event "Late-Titled-Tuesday-Blitz-February-13-2024"]
[Site "Chess.com"]
[Date "2024.02.13"]
[Round "6"]
[White "lucasran"]
[Black "korkmaz16"]
[Result "0-1"]
[WhiteElo "2649"]
[BlackElo "2442"]
[TimeControl "180+1"]
[EndTime "15:06:45 PST"]
[Termination "korkmaz16 won on time"]

1. Nf3 d5 2. d4 Nf6 3. c4 c6 4. e3 e6 5. Bd3 Nbd7 6. O-O Bd6 7. Nbd2 O-O 8. e4 dxe4 9. Nxe4 Nxe4 10. Bxe4 h6 11.
Be3 e5 12. c5 Bc7 13. d5 Nf6 14. d6 Nxe4 15. dxc7 Qxc7 16. Qa4 Nf6 17. Rfe1 Re8 18. Nd2 Bf5 19. Nc4 b5 20. cxb6 axb6 21. Qb4 Nd5 22. Qd6 Qb7 23. Nxe5 Re6 24. Qd7 Qxd7 25. Nxd7 Rxe3 26.
fxe3 Bxd7 27. a3 Be6 28. e4 Nf4 29. Rad1 c5 30. Rd2 c4 31. Rd6 b5 32. Rb6 Ra5 33. g3 Nd3 34. Re2 c3 35. bxc3 Bc4 36.
Rc2 Rxa3 37. Re2 Ra1+ 38. Kg2 Ne1+ 0-1

[Event "Late-Titled-Tuesday-Blitz-February-13-2024"]
[Site "Chess.com"]
[Date "2024.02.13"]
[Round "6"]
[White "jcmesafischer"]
[Black "ImportedItalianMaple"]
[Result "1-0"]
[WhiteElo "2372"]
[BlackElo "2513"]
[TimeControl "180+1"]
[EndTime "15:06:45 PST"]
[Termination "jcmesafischer won on time"]

1. e4 g6 2. d4 Bg7 3. Nc3 d5 4. exd5 Nf6 5. h3 O-O 6. Bc4 Nbd7 7.
Qf3 Nb6 8. Bb3 e6 9. dxe6 Bxe6 10. Bxe6 Re8 11. Be3 Rxe6 12. Nge2 Nc4 13. O-O Qe8 14.
Bg5 c6 15. Nf4 Rd6 16. Rfe1 Qd7 17. d5 Nxd5 18. Ncxd5 cxd5 19. Rad1 Nxb2 20. Rxd5 Nc4 21. Re7 Qd8 22. Nxg6 Ne5 23. Nxe5 Rxd5 24. Qxf7+ 1-0

[Event "Late-Titled-Tuesday-Blitz-February-13-2024"]
[Site "Chess.com"]
[Date "2024.02.13"]
[Round "6"]
[White "KuzubovYuriy"]
[Black "DuleMudule"]
[Result "1-0"]
[WhiteElo "2989"]
[BlackElo "2865"]
[TimeControl "180+1"]
[EndTime "15:06:47 PST"]
[Termination "KuzubovYuriy won by resignation"]

1. d4 d5 2. c4 Nc6 3. Nf3 Bg4 4. cxd5 Bxf3 5. gxf3 Qxd5 6. e3 e5 7. Nc3 Bb4 8. Bd2 Bxc3 9. bxc3 Qd6 10. Rb1 O-O-O 11. Qb3 b6 12. Rg1 g6 13. Qxf7 Nh6 14. Bh3+ Kb8 15. Qe6 Qxe6 16. Bxe6 exd4 17. cxd4 Rhe8 18.
d5 Ne5 19. Ke2 Nf5 20. Bc3 Nc4 21. Rg4 Ncd6 22. e4 Ne7 23. Kf1 Rf8 24. Ke2 Ne8 25. Rc1 Nf6 26. Rgg1 Nh5 27. Be5 Nf4+ 28. Ke3 Nxe6 29. dxe6 Rc8 30. Rgd1 Rfe8 31. Rd7 Kb7 32. Rcxc7+ Rxc7 33. Rxc7+ Ka6 34. f4 Kb5 35. h4 a5 36. h5 a4 37. h6 Nc6 38. Rxh7 Nxe5 39. fxe5 Rxe6 40. Rd7 Re8 41. h7 Kb4 42. e6 Ka3 43. e7 Kxa2 44. Rd8 1-0

[Event "Late-Titled-Tuesday-Blitz-February-13-2024"]
[Site "Chess.com"]
[Date "2024.02.13"]
[Round "6"]
[White "Practical-Play"]
[Black "YellowJacek"]
[Result "1-0"]
[WhiteElo "2576"]
[BlackElo "2387"]
[TimeControl "180+1"]
[EndTime "15:06:47 PST"]
[Termination "Practical-Play won by resignation"]

1. b3 g6 2. Bb2 Nf6 3. e4 c5 4. e5 Nd5 5. Nf3 Bg7 6. h4 Nc6 7. h5 d6 8. Bb5 Nf4 9. h6 Bf8 10. exd6 Rg8 11. dxe7 Qxe7+ 12. Kf1 Bd7 13. Nc3 O-O-O 14. g3 Ne6 15. Ne4 Ned4 16. Bd3 Bg4 17. Nxd4 Bxd1 18. Nxc6 bxc6 19. Bf6 Be2+ 20. Kxe2 Qe6 21.
Bxd8 f5 22. Bg5 fxe4 23. Bc4 Qg4+ 24. Kf1 Qxg5 25. Bxg8 Qxd2 26. Bxh7 Bxh6 27. Re1 e3 28. Rh2 Qxc2 29. Kg1 e2 30. f4 Bg7 31. Rhxe2 Bd4+ 32. Kg2 Qf5 33. Bg8 g5 34. Be6+ Qxe6 35. Rxe6 Kc7 36.
fxg5 Kb6 37. g6 Kb5 38. Re7 Kb4 39. g7 Bxg7 40. Rxg7 c4 41. Re4 1-0

[Event "Late-Titled-Tuesday-Blitz-February-13-2024"]
[Site "Chess.com"]
[Date "2024.02.13"]
[Round "6"]
[White "GoValya"]
[Black "deepfear"]
[Result "0-1"]
[WhiteElo "2235"]
[BlackElo "1990"]
[TimeControl "180+1"]
[EndTime "15:06:47 PST"]
[Termination "deepfear won by resignation"]

1. d4 Nf6 2. g3 g6 3. Bg2 Bg7 4. c4 O-O 5. Nc3 d6 6. Nf3 Nc6 7. O-O a6 8. d5 Na5 9. Nd2 c5 10. a3 Qc7 11. e4 Rb8 12. Qe2 Bg4 13. f3 Bd7 14. b4 cxb4 15. axb4 Qb6+ 16. Kh1 Qxb4 17.
Ra3 b6 18. h3 Nh5 19. Qd3 Nxg3+ 20. Kh2 Nxf1+ 21. Nxf1 Qxc4 22. Qe3 Qc5 23. Qe1 Be5+ 24. Kh1 Rfc8 25. Ne2 Bb5 26. Rxa5 bxa5 27. Be3 Qc4 28.
Neg3 Bxg3 29. Nxg3 Qd3 30. Kh2 Rc2 31. f4 Rbc8 32.
f5 Ra2 33. fxg6 hxg6 34. Nf1 Rcc2 35. Qg3 Qxf1 0-1

[Event "Late-Titled-Tuesday-Blitz-February-13-2024"]
[Site "Chess.com"]
[Date "2024.02.13"]
[Round "6"]
[White "AlexeiShirov"]
[Black "SHIVACalypso"]
[Result "0-1"]
[WhiteElo "2856"]
[BlackElo "2521"]
[TimeControl "180+1"]
[EndTime "15:06:48 PST"]
[Termination "SHIVACalypso won by resignation"]

1. e4 e6 2. d4 d5 3. e5 c5 4. c3 Nc6 5. Nf3 Bd7 6. Be2 f6 7. O-O fxe5 8. Nxe5 Nxe5 9. dxe5 Qc7 10. c4 d4 11. f4 Ne7 12. Nd2 Bc6 13. Bd3 O-O-O 14. Ne4 Nf5 15. Ng5 Qe7 16. Qg4 g6 17.
Bd2 h6 18. Ne4 Qf7 19. Rae1 Be7 20. a3 Rdg8 21. b4 b6 22. bxc5 bxc5 23. Nd6+ Nxd6 24. exd6 Bxd6 25. Qxe6+ Qxe6 26. Rxe6 Kd7 27. Rxg6 Rxg6 28. Bxg6 Ke7 29. Be1 Kf6 30. f5 Rb8 31. Bh4+ Kg7 32. Bh5 Rb2 33. f6+ Kf8 34. Bf3 Bxf3 35. Rxf3 Kf7 36.
Bg3 Bxg3 37. Rxg3 Kxf6 38. Kf1 Ke5 39. Rg7 Ke4 40. Rxa7 d3 41. Rd7 Ke3 42. Re7+ Kd4 43. Rd7+ Kxc4 44. h4 Kc3 45. g4 Rh2 46. g5 hxg5 47.
hxg5 d2 48. g6 Rh1+ 49. Ke2 Re1+ 50. Kf3 d1=Q+ 51. Rxd1 Rxd1 0-1

[Event "Late-Titled-Tuesday-Blitz-February-13-2024"]
[Site "Chess.com"]
[Date "2024.02.13"]
[Round "6"]
[White "Supelyel"]
[Black "xakevicius91"]
[Result "0-1"]
[WhiteElo "2338"]
[BlackElo "2530"]
[TimeControl "180+1"]
[EndTime "15:06:48 PST"]
[Termination "xakevicius91 won on time"]

1. c4 e5 2. g3 Nc6 3. Bg2 g6 4.
Nc3 Bg7 5. d3 d6 6. Nf3 f5 7.
O-O Nf6 8. Bg5 h6 9. Bxf6 Bxf6 10. Nd2 O-O 11. Rb1 g5 12. b4 Ne7 13. Qc2 Rb8 14.
b5 Be6 15. Nd5 Bg7 16. Rfc1 Qd7 17. Qa4 Nc8 18. Nb3 f4 19. Na5 Nb6 20. Qb3 g4 21. Be4 f3 22. Qd1 Qf7 23. Ne3 Qh5 24. c5 Nd7 25. cxd6 cxd6 26. Rc7 Nc5 27. Bd5 Bxd5 28. Nxd5 Kh8 29. Nc4 Qg6 30. Rb3 fxe2 31. Qxe2 Ne6 32. Ne7 Qh7 33. Nxd6 Nxc7 34. Qxg4 Rf6 35. Qd7 Rbf8 0-1

[Event "Late-Titled-Tuesday-Blitz-February-13-2024"]
[Site "Chess.com"]
[Date "2024.02.13"]
[Round "6"]
[White "Inepton_Fermion"]
[Black "Atousa"]
[Result "0-1"]
[WhiteElo "2373"]
[BlackElo "2534"]
[TimeControl "180+1"]
[EndTime "15:06:49 PST"]
[Termination "Atousa won on time"]

1. Nf3 d5 2. b3 Nf6 3. Bb2 e6 4. e3 c5 5. c4 Nc6 6. cxd5 Nxd5 7. Be2 Ke7 8. O-O f6 9. d4 Kf7 10. Nc3 Be7 11. Rc1 Re8 12. Nxd5 Qxd5 13. dxc5 Rd8 14. Qc2 Qf5 15. e4 Qg6 16. Rfd1 Bd7 17. Bc4 Bxc5 18. Bd3 Bb6 19. e5 f5 20. Bc4 Nb4 21. Qe2 Bc6 22.
g3 Nxa2 23. Ra1 Nb4 24. Nh4 Qg5 25. Bc1 Qg4 26. Qxg4 fxg4 27. Rxd8 Rxd8 28. Bg5 Rc8 29.
Ng2 Bxg2 30. Kxg2 Nd5 31. Rd1 h6 32. Bc1 Nc3 33. Rd7+ Kg8 34. Bxe6+ Kh8 0-1

[Event "Late-Titled-Tuesday-Blitz-February-13-2024"]
[Site "Chess.com"]
[Date "2024.02.13"]
[Round "6"]
[White "szefru"]
[Black "delqate"]
[Result "0-1"]
[WhiteElo "2263"]
[BlackElo "2500"]
[TimeControl "180+1"]
[EndTime "15:06:50 PST"]
[Termination "delqate won by resignation"]

1. e4 d5 2. exd5 Qxd5 3. Nc3 Qd8 4. d4 Nf6 5. Bc4 a6 6. Bf4 b5 7. Bb3 Bb7 8. Nf3 c5 9. dxc5 Qxd1+ 10. Rxd1 Nbd7 11. Be3 e6 12. a4 b4 13. Ne2 Bxc5 14. Ned4 Bxf3 15. Nxf3 Bxe3 16. fxe3 Nc5 17. Ke2 Ke7 18.
Ne5 Rac8 19. Rc1 Rhd8 20. Rhd1 Nfe4 21. Rxd8 Kxd8 22. Nxf7+ Ke7 23. Ne5 Nxb3 24. Rf1 Rxc2+ 25. Kd3 Rf2 26. Rd1 Nec5+ 27. Kc4 Rxb2 28. Nc6+ Kf6 29. Nxb4 Rxg2 30. Nxa6 Rg4+ 31. Kb5 Nxa6 32. Kxa6 Rxa4+ 33. Kb5 Rh4 34. Rf1+ Ke7 35. Rg1 g6 36. Rb1 Nd2 37. Ra1 Rxh2 38. Kc6 Ne4 39. Ra4 Rc2+ 40. Kb6 Nd6 41.
e4 Rc4 42. Ra7+ Kf6 43. Rxh7 Nxe4 44. Rd7 g5 45. Kb5 Rc5+ 46. Kb4 g4 0-1

[Event "Late-Titled-Tuesday-Blitz-February-13-2024"]
[Site "Chess.com"]
[Date "2024.02.13"]
[Round "6"]
[White "HansOnTwitch"]
[Black "stollenmonster"]
[Result "1-0"]
[WhiteElo "3152"]
[BlackElo "2864"]
[TimeControl "180+1"]
[EndTime "15:06:51 PST"]
[Termination "HansOnTwitch won by resignation"]

1. e4 c5 2. Nf3 Nf6 3. e5 Nd5 4.
Nc3 e6 5. g3 Nc6 6. Bg2 d6 7.
exd6 Bxd6 8. O-O O-O 9. d3 Nxc3 10. bxc3 Rb8 11. Re1 b6 12. Ng5 Bb7 13. Qh5 h6 14. Ne4 Be7 15. g4 f5 16. Ng3 f4 17. Ne4 f3 18. Bh3 Qe8 19. Qxe8 Rbxe8 20. g5 Ne5 21. gxh6 g6 22. Nxc5 Bxc5 23. Rxe5 Kh7 24. Bg5 Bd6 25.
Rxe6 Rxe6 26. Bxe6 Re8 27. Bb3 Re2 28. h4 Bc8 29. a4 Bh3 30. d4 Bg2 31. Rd1 a6 32. c4 a5 33. c5 bxc5 34. dxc5 Be5 35. Rd7+ Kh8 36. Rd8+ Kh7 37. Bg8+ Kh8 38. Bc4+ Kh7 39. Bxe2 fxe2 40. Bd2 1-0